| TOP OF THE 1ST |
|
Louisiana State University Tigers batting - Pitching for University of Minnesota Golden Gophers : RHP Danny Colon
|
|
Pitching: RHP Danny Colon
|
|
|
Batting: RHB Winston Vasquez
|
0-0: Swinging Strike 0-1: SINGLE (Line Drive, 7S, EV 95.6 MPH)
|
|
Batting: RHB D.J. Ganz
|
0-0: Called Strike 0-1: Fielders Choice at 2nd, 6-4 (Groundball, 6, EV 89.4 MPH)
|
|
Batting: RHB Stewart Walker
|
0-0: Ball 1-0: Swinging Strike 1-1: SINGLE (Groundball, 6MD, EV 100.0 MPH) D.J. Ganz to second
|
|
Batting: RHB Pete Roberts
|
0-0: Ball 1-0: Ball 2-0: Ball 3-0: Called Strike 3-1: Called Strike 3-2: Base on Balls D.J. Ganz to third Stewart Walker to second
|
|
Batting: LHB Oscar Rivera
|
0-0: Called Strike 0-1: Ball 1-1: Foul Ball, location: 2F 1-2: Foul Ball, location: 2F 1-2: Strikes out swinging
|
|
Batting: RHB Keith Ashton
|
0-0: Fly out, F9 (Flyball, 9, EV 78.1 MPH)
|
| Top of the 1st over - 0 runs, 2 hits, 0 errors, 3 left on base; Louisiana State University 0 - University of Minnesota 0 |
| BOTTOM OF THE 1ST |
|
University of Minnesota Golden Gophers batting - Pitching for Louisiana State University Tigers : RHP Bobby Hanson
|
|
Pitching: RHP Bobby Hanson
|
|
|
Batting: RHB Tatsuyoshi Ikeda
|
0-0: Ball 1-0: Called Strike 1-1: Foul Ball, location: 2F 1-2: Strikes out looking
|
|
Batting: LHB Alex Villa
|
0-0: Ball 1-0: Swinging Strike 1-1: Ball 2-1: Ground out 4-3 (Groundball, 4, EV 98.1 MPH)
|
|
Batting: LHB Jose Moncada
|
0-0: Foul Ball, location: 2F 0-1: SOLO HOME RUN (Flyball, 9D, EV 95.0 MPH), Distance : 385 ft
|
|
Batting: RHB Ron Gooch
|
0-0: Ball 1-0: Ground out 5-3 (Groundball, 56S, EV 68.8 MPH)
|
| Bottom of the 1st over - 1 run, 1 hit, 0 errors, 0 left on base; Louisiana State University 0 - University of Minnesota 1 |
| TOP OF THE 2ND |
|
Louisiana State University Tigers batting - Pitching for University of Minnesota Golden Gophers : RHP Danny Colon
|
|
Batting: LHB Manny Grado
|
0-0: Ball 1-0: Reached on error, E6 (Groundball, 6, EV 82.5 MPH)
|
|
Batting: SHB Brian Caruso
|
0-0: Ball 1-0: Foul Ball, location: 2F 1-1: Fly out, F9 (Flyball, 9S, EV 91.9 MPH)
|
|
Batting: SHB Paul Blaylock
|
0-0: Ball 1-0: Called Strike 1-1: Called Strike 1-2: Strikes out swinging
|
|
Batting: RHB Winston Vasquez
|
0-0: Ground out 6-3 (Groundball, 6M, EV 101.9 MPH)
|
| Top of the 2nd over - 0 runs, 0 hits, 1 error, 1 left on base; Louisiana State University 0 - University of Minnesota 1 |
| BOTTOM OF THE 2ND |
|
University of Minnesota Golden Gophers batting - Pitching for Louisiana State University Tigers : RHP Bobby Hanson
|
|
Batting: RHB Jason Mooris
|
0-0: Ball 1-0: Ball 2-0: Called Strike 2-1: Foul Ball, location: 2F 2-2: Foul Ball, location: 2F 2-2: Strikes out looking
|
|
Batting: LHB Bobby Agterberg
|
0-0: Ground out 5-3 (Groundball, 56, EV 91.2 MPH)
|
|
Batting: LHB Ivan Villegas
|
0-0: Foul Ball, location: 2F 0-1: Ball 1-1: Ball 2-1: Foul Ball, location: 2F 2-2: Ball 3-2: Strikes out swinging
|
| Bottom of the 2nd over - 0 runs, 0 hits, 0 errors, 0 left on base; Louisiana State University 0 - University of Minnesota 1 |
| TOP OF THE 3RD |
|
Louisiana State University Tigers batting - Pitching for University of Minnesota Golden Gophers : RHP Danny Colon
|
|
Batting: RHB D.J. Ganz
|
0-0: Called Strike 0-1: Ground out 5-3 (Groundball, 56, EV 90.6 MPH)
|
|
Batting: RHB Stewart Walker
|
0-0: Ball 1-0: Ground out 4-3 (Groundball, 4, EV 79.4 MPH)
|
|
Batting: RHB Pete Roberts
|
0-0: Ball 1-0: Called Strike 1-1: Fly out, F3 (Popup, 3S, EV 71.9 MPH)
|
| Top of the 3rd over - 0 runs, 0 hits, 0 errors, 0 left on base; Louisiana State University 0 - University of Minnesota 1 |
| BOTTOM OF THE 3RD |
|
University of Minnesota Golden Gophers batting - Pitching for Louisiana State University Tigers : RHP Bobby Hanson
|
|
Batting: RHB Scott Rose
|
0-0: Ground out 6-3 (Groundball, P, EV 90.0 MPH)
|
|
Batting: LHB Phil Bonner
|
0-0: Ball 1-0: Ball 2-0: Called Strike 2-1: Foul Ball, location: 2F 2-2: Ball 3-2: Strikes out swinging
|
|
Batting: RHB Tatsuyoshi Ikeda
|
0-0: Foul Ball, location: 2F 0-1: Ground out 6-3 (Groundball, 6MS, EV 69.4 MPH)
|
| Bottom of the 3rd over - 0 runs, 0 hits, 0 errors, 0 left on base; Louisiana State University 0 - University of Minnesota 1 |
| TOP OF THE 4TH |
|
Louisiana State University Tigers batting - Pitching for University of Minnesota Golden Gophers : RHP Danny Colon
|
|
Batting: LHB Oscar Rivera
|
0-0: Ball 1-0: SINGLE (Line Drive, 3D, EV 96.9 MPH)
|
|
Batting: RHB Keith Ashton
|
0-0: Ball 1-0: Fly out, F9 (Line Drive, 9, EV 91.9 MPH)
|
|
Batting: LHB Manny Grado
|
0-0: Foul Ball, location: 2F 0-1: Ball 1-1: Foul Ball, location: 2F 1-2: Ball 2-2: Foul Ball, location: 2F 2-2: Ball 3-2: Grounds into double play, 4-6-3 (Groundball, 4, EV 78.8 MPH)
|
| Top of the 4th over - 0 runs, 1 hit, 0 errors, 0 left on base; Louisiana State University 0 - University of Minnesota 1 |
| BOTTOM OF THE 4TH |
|
University of Minnesota Golden Gophers batting - Pitching for Louisiana State University Tigers : RHP Bobby Hanson
|
|
Batting: LHB Alex Villa
|
0-0: Foul Ball, location: 2F 0-1: Swinging Strike 0-2: Ball 1-2: Strikes out looking
|
|
Batting: LHB Jose Moncada
|
0-0: Foul Ball, location: 2F 0-1: Fly out, F8 (Flyball, 8RD, EV 103.8 MPH)
|
|
Batting: RHB Ron Gooch
|
0-0: Called Strike 0-1: Foul Ball, location: 2F 0-2: Fly out, F9 (Flyball, 9S, EV 75.0 MPH)
|
| Bottom of the 4th over - 0 runs, 0 hits, 0 errors, 0 left on base; Louisiana State University 0 - University of Minnesota 1 |
| TOP OF THE 5TH |
|
Louisiana State University Tigers batting - Pitching for University of Minnesota Golden Gophers : RHP Danny Colon
|
|
Batting: SHB Brian Caruso
|
0-0: Ball 1-0: Ball 2-0: Ball 3-0: Called Strike 3-1: Swinging Strike 3-2: Strikes out looking
|
|
Batting: SHB Paul Blaylock
|
0-0: Called Strike 0-1: Foul Ball, location: 2F 0-2: Foul Ball, location: 2F 0-2: Strikes out swinging
|
|
Batting: RHB Winston Vasquez
|
0-0: Ball 1-0: Foul Ball, location: 2F 1-1: SINGLE (Line Drive, 89S, EV 100.0 MPH)
|
|
Batting: RHB D.J. Ganz
|
0-0: Called Strike 0-1: Foul Ball, location: 2F 0-2: Foul Ball, location: 2F 0-2: Ball 1-2: SINGLE (Groundball, 34D, EV 103.8 MPH) Winston Vasquez to second Runner from 2nd tries for 3rd, SAFE, throw by RF made to third
|
|
Batting: RHB Stewart Walker
|
0-0: Fly out, F9 (Flyball, 9, EV 91.9 MPH)
|
| Top of the 5th over - 0 runs, 2 hits, 0 errors, 2 left on base; Louisiana State University 0 - University of Minnesota 1 |
| BOTTOM OF THE 5TH |
|
University of Minnesota Golden Gophers batting - Pitching for Louisiana State University Tigers : RHP Bobby Hanson
|
|
Batting: RHB Jason Mooris
|
0-0: Swinging Strike 0-1: Ball 1-1: SINGLE (Line Drive, 7LS, EV 96.2 MPH)
|
|
Batting: LHB Bobby Agterberg
|
0-0: Foul Ball, location: 2F 0-1: Swinging Strike 0-2: Ball 1-2: Foul Ball, location: 2F 1-2: Ball 2-2: Strikes out looking
|
|
Batting: LHB Ivan Villegas
|
0-0: Ball 1-0: Called Strike 1-1: Called Strike Jason Mooris steals 2nd base 1-2: Strikes out swinging
|
|
Batting: RHB Scott Rose
|
0-0: Called Strike 0-1: Called Strike 0-2: Foul Ball, location: 2F 0-2: Strikes out looking
|
| Bottom of the 5th over - 0 runs, 1 hit, 0 errors, 1 left on base; Louisiana State University 0 - University of Minnesota 1 |
| TOP OF THE 6TH |
|
Louisiana State University Tigers batting - Pitching for University of Minnesota Golden Gophers : RHP Danny Colon
|
|
Batting: RHB Pete Roberts
|
0-0: Foul Ball, location: 2F 0-1: Ball 1-1: Ball 2-1: Ground out 5-3 (Groundball, 56S, EV 76.2 MPH)
|
|
Batting: LHB Oscar Rivera
|
0-0: Swinging Strike 0-1: Foul Ball, location: 2F 0-2: Ball 1-2: Foul Ball, location: 2F 1-2: Strikes out swinging
|
|
Batting: RHB Keith Ashton
|
0-0: Ball 1-0: Called Strike 1-1: Ball 2-1: Ball 3-1: Base on Balls
|
|
Pitching: RHP Bobby Rodriguez
|
|
|
Batting: LHB Manny Grado
|
0-0: Called Strike 0-1: DOUBLE (Flyball, 8LXD, EV 105.0 MPH) Keith Ashton to third
|
|
Batting: SHB Brian Caruso
|
0-0: Fly out, F9 (Flyball, 9S, EV 88.8 MPH)
|
| Top of the 6th over - 0 runs, 1 hit, 0 errors, 2 left on base; Louisiana State University 0 - University of Minnesota 1 |
| BOTTOM OF THE 6TH |
|
University of Minnesota Golden Gophers batting - Pitching for Louisiana State University Tigers : RHP Bobby Hanson
|
|
Batting: LHB Phil Bonner
|
0-0: Ball 1-0: Called Strike 1-1: Ball 2-1: Ball 3-1: SINGLE (Groundball, 4MD, EV 95.6 MPH)
|
|
Batting: RHB Tatsuyoshi Ikeda
|
0-0: Called Strike 0-1: Called Strike 0-2: Strikes out swinging
|
|
Batting: LHB Alex Villa
|
0-0: Called Strike Phil Bonner steals 2nd base 0-1: SINGLE (Line Drive, 89S, EV 108.1 MPH) Phil Bonner to third Runner from 3rd tries for Home, SAFE, throw by CF to home
|
|
Batting: LHB Jose Moncada
|
0-0: Called Strike Alex Villa steals 2nd base 0-1: SINGLE (Flyball, 4D, EV 83.8 MPH) Alex Villa to third
|
|
Batting: RHB Ron Gooch
|
0-0: Ball 1-0: Grounds into double play, 1-6-3 (Groundball, 13S, EV 70.6 MPH)
|
| Bottom of the 6th over - 1 run, 3 hits, 0 errors, 1 left on base; Louisiana State University 0 - University of Minnesota 2 |
| TOP OF THE 7TH |
|
Louisiana State University Tigers batting - Pitching for University of Minnesota Golden Gophers : RHP Bobby Rodriguez
|
|
Batting: SHB Paul Blaylock
|
0-0: Called Strike 0-1: Swinging Strike 0-2: Ball 1-2: Ball 2-2: Fly out, F6 (Line Drive, 6, EV 71.9 MPH)
|
|
Batting: RHB Winston Vasquez
|
0-0: SINGLE (Line Drive, 4D, EV 104.4 MPH)
|
|
Batting: RHB D.J. Ganz
|
0-0: Ball Winston Vasquez is caught stealing 2nd base 2-4 1-0: SOLO HOME RUN (Flyball, 7D, EV 104.4 MPH), Distance : 390 ft
|
|
Batting: RHB Stewart Walker
|
0-0: Ball 1-0: Ball 2-0: Ball 3-0: Called Strike 3-1: Foul Ball, location: 2F 3-2: Ground out 2-3 (Groundball, 2R, EV 66.9 MPH)
|
| Top of the 7th over - 1 run, 2 hits, 0 errors, 0 left on base; Louisiana State University 1 - University of Minnesota 2 |
| BOTTOM OF THE 7TH |
|
University of Minnesota Golden Gophers batting - Pitching for Louisiana State University Tigers : RHP Bobby Hanson
|
|
Batting: RHB Jason Mooris
|
0-0: Swinging Strike 0-1: Ball 1-1: Foul Ball, location: 2F 1-2: Strikes out swinging
|
|
Pitching: RHP Michael Koppers
|
|
|
Batting: LHB Bobby Agterberg
|
0-0: Swinging Strike 0-1: Swinging Strike 0-2: Ball 1-2: Ball 2-2: Strikes out swinging
|
|
Batting: LHB Ivan Villegas
|
0-0: Ball 1-0: Ground out 4-3 (Groundball, 4, EV 103.8 MPH)
|
| Bottom of the 7th over - 0 runs, 0 hits, 0 errors, 0 left on base; Louisiana State University 1 - University of Minnesota 2 |
| TOP OF THE 8TH |
|
Louisiana State University Tigers batting - Pitching for University of Minnesota Golden Gophers : RHP Bobby Rodriguez
|
|
Pitching: RHP Eddie Young
|
|
|
Batting: RHB Pete Roberts
|
0-0: Ground out 5-3 (Groundball, 5, EV 82.5 MPH)
|
|
Batting: LHB Oscar Rivera
|
0-0: Ball 1-0: Foul Ball, location: 2F 1-1: Ball 2-1: Foul Ball, location: 2F 2-2: Ball 3-2: Base on Balls
|
|
Batting: RHB Keith Ashton
|
0-0: Called Strike 0-1: Ball 1-1: Ball 2-1: Ball 3-1: Base on Balls Oscar Rivera to second
|
|
Batting: LHB Manny Grado
|
0-0: Ball 1-0: Fly out, F8 (Flyball, 8RD, EV 98.8 MPH)
|
|
Batting: SHB Brian Caruso
|
0-0: Swinging Strike 0-1: Called Strike 0-2: Strikes out swinging
|
| Top of the 8th over - 0 runs, 0 hits, 0 errors, 2 left on base; Louisiana State University 1 - University of Minnesota 2 |
| BOTTOM OF THE 8TH |
|
University of Minnesota Golden Gophers batting - Pitching for Louisiana State University Tigers : RHP Michael Koppers
|
|
Batting: RHB Scott Rose
|
0-0: DOUBLE (Groundball, 5L, EV 106.9 MPH)
|
|
Batting: LHB Phil Bonner
|
0-0: Called Strike 0-1: Called Strike 0-2: Ball 1-2: Strikes out swinging
|
|
Batting: RHB Tatsuyoshi Ikeda
|
0-0: Called Strike 0-1: Ball 1-1: Swinging Strike 1-2: Strikes out swinging
|
|
Batting: LHB Alex Villa
|
0-0: Ball 1-0: Foul Ball, location: 2F 1-1: Ball Wild Pitch! Scott Rose to third 2-1: Ball 3-1: Base on Balls
|
|
Pitching: LHP Luis Sandoval
|
|
|
Batting: LHB Jose Moncada
|
0-0: Ball 1-0: Called Strike 1-1: Swinging Strike 1-2: Strikes out swinging
|
| Bottom of the 8th over - 0 runs, 1 hit, 0 errors, 2 left on base; Louisiana State University 1 - University of Minnesota 2 |
| TOP OF THE 9TH |
|
Louisiana State University Tigers batting - Pitching for University of Minnesota Golden Gophers : RHP Eddie Young
|
|
Pitching: RHP Mike Binns
|
|
|
Pinch Hitting: LHB Elijah Mallandain
|
0-0: Ball 1-0: Called Strike 1-1: Foul Ball, location: 2F 1-2: Ball 2-2: Foul Ball, location: 2F 2-2: SINGLE (Line Drive, 89S, EV 106.2 MPH)
|
|
Batting: RHB Winston Vasquez
|
0-0: Bunt - Flyout to P! F1
|
|
Batting: RHB D.J. Ganz
|
0-0: Foul Ball, location: 2F 0-1: Ball 1-1: SINGLE (Line Drive, 34, EV 100.6 MPH) Elijah Mallandain to second
|
|
Batting: RHB Stewart Walker
|
0-0: Ball 1-0: DOUBLE (Flyball, 78D, EV 93.8 MPH) Elijah Mallandain scores D.J. Ganz to third
|
|
Batting: RHB Pete Roberts
|
0-0: Ball 1-0: Called Strike 1-1: Foul Ball, location: 2F 1-2: Ball 2-2: SINGLE (Groundball, 4, EV 91.2 MPH) (infield hit) D.J. Ganz scores Stewart Walker to third
|
|
Batting: LHB Oscar Rivera
|
0-0: Called Strike 0-1: Ball 1-1: Fly out, F8 (Flyball, 8RD, EV 76.2 MPH)
|
|
Batting: RHB Keith Ashton
|
0-0: Ball 1-0: Ball 2-0: Swinging Strike 2-1: Swinging Strike 2-2: Foul Ball, location: 2F 2-2: Ball 3-2: Base on Balls Pete Roberts to second
|
|
Batting: LHB Manny Grado
|
0-0: Called Strike 0-1: Swinging Strike 0-2: Ball 1-2: Ball 2-2: Foul Ball, location: 2F 2-2: Foul Ball, location: 2F 2-2: Foul Ball, location: 2F 2-2: Strikes out swinging
|
| Top of the 9th over - 2 runs, 4 hits, 0 errors, 3 left on base; Louisiana State University 3 - University of Minnesota 2 |
| BOTTOM OF THE 9TH |
|
University of Minnesota Golden Gophers batting - Pitching for Louisiana State University Tigers : LHP Luis Sandoval
|
|
Now at C: Matt Ellington
|
|
|
Batting: RHB Ron Gooch
|
0-0: Ball 1-0: Called Strike 1-1: Swinging Strike 1-2: Ball 2-2: Foul Ball, location: 2F 2-2: Strikes out swinging
|
|
Batting: RHB Jason Mooris
|
0-0: Ball 1-0: Called Strike 1-1: Foul Ball, location: 2F 1-2: Ball 2-2: Foul Ball, location: 2F 2-2: Ground out 4-3 (Groundball, 4M, EV 88.1 MPH)
|
|
Batting: LHB Bobby Agterberg
|
0-0: Ball 1-0: Foul Ball, location: 2F 1-1: Ball 2-1: Swinging Strike 2-2: Foul Ball, location: 2F 2-2: Strikes out swinging
|
| Bottom of the 9th over - 0 runs, 0 hits, 0 errors, 0 left on base; Louisiana State University 3 - University of Minnesota 2 |
|